 Dungeon Crawl Stone Soup version 0.26-a0-818-g75db068ed4 (webtiles) character file.

Game seed: 15758138583426593324

16 jasper the Sneak (level 2, 0/27 HPs)
             Began as a Palentonga Delver on Nov 15, 2020.
             Hit by a boomerang thrown by an orc (2 damage)
             ... on level 3 of the Dungeon.
             The game lasted 00:01:27 (550 turns).

jasper the Sneak (Palentonga Delver)                 Turns: 550, Time: 00:01:27

Health: 0/27       AC:  7    Str: 15    XL:     2   Next: 37%
Magic:  2/2        EV:  4    Int: 10    God:
Gold:   0          SH:  0    Dex: 11    Spells: 1/1 levels left

rFire    . . .     SeeInvis +   a - +0 falchion
rCold    . . .     Faith    .   (no shield)
rNeg     . . .     Spirit   .   f - +0 chain mail
rPois    .         Reflect  .   (no helmet)
rElec    .         Harm     .   (no cloak)
rCorr    .         Rampage  .   (no gloves)
MR       .....                  (no barding)
Stlth    ..........             (no amulet)
HPRegen  0.09/turn              (no ring)
MPRegen  0.08/turn              (no ring)

@: confused
A: large, rugged brown scales 3, see invisible, deformed body, roll 1, armoured
tail
a: Rolling Charge


You were on level 3 of the Dungeon.
You visited 1 branch of the dungeon, and saw 3 of its levels.

Inventory:

Hand Weapons
 a - a +0 falchion (weapon)
Armour
 b - a +0 leather armour
 f - a +0 chain mail (worn)
Wands
 g - a wand of digging (3)
Scrolls
 c - a scroll of fog
 d - a scroll of magic mapping
 e - a scroll of fear


   Skills:
 - Level 3.0 Fighting
 + Level 3.1 Long Blades
 - Level 1.5 Dodging
 - Level 3.3 Stealth


You had one spell level left.
You didn't know any spells.
Your spell library was empty.

Dungeon Overview and Level Annotations

Branches:
Dungeon (5/15)
 Temple: D:4-7

Altars:

Annotations:
D:3 Sigmund


Innate Abilities, Weirdness & Mutations

You are completely covered in rugged brown scales. (AC +3, +7% HP)
You have supernaturally acute eyesight. (SInv)
Armour fits poorly on your strangely shaped body.
You can roll at nearby foes to attack.
You have a long armoured tail.


Message History

You're too confused!
Unknown command.
You're too confused to move!
An orc comes into view. It is wielding a +0 flail.
Sigmund gestures at you while chanting.
You are more confused.
Sigmund gestures at you while chanting. The puff of flame hits you.
* * * LOW HITPOINT WARNING * * *
You take 5 damage, and have 8/27 hp.
Sigmund points at you and mumbles some strange words.
The puff of flame hits you.
* * * LOW HITPOINT WARNING * * *
You take 5 damage, and have 3/27 hp.
The orc barely misses you. Sigmund gestures at you while chanting.
The puff of flame hits you.
* * * LOW HITPOINT WARNING * * *
The orc throws a boomerang.
The boomerang hits you.
You die...

##+ ##.##........
#... #..#........
#... ##.#........
#... #..........
#...#########..######
###.........@....#
...oo.......##...#
....#oo.....##...#
..o #..@....##...# .
#.......##...#
#.......##.#>#
#.......##.###
#.......##.#
#.......##.#
#.......# #.......#


You could see Sigmund, an orc priest and 3 orcs.

Vanquished Creatures
  An adder skeleton (D:4)
  3 orcs (D:4)
  4 jackals (D:4)
  A frilled lizard (D:4)
9 creatures vanquished.

Notes
Turn   | Place    | Note
-------+----------+-------------------------------------------
     0 | D:5      | jasper the Palentonga Delver began the quest for the Orb.
     0 | D:5      | Reached XP level 1. HP: 20/20 MP: 1/1
   240 | D:4      | Reached XP level 2. HP: 9/27 MP: 2/2
   524 | D:3      | Noticed Sigmund
   550 | D:3      | Hit by a boomerang thrown by an orc

Illustrated notes

Levels and vault maps discovered:
D:3:      layout_basic, minitemple, uniq_sigmund
D:4:      layout_basic, old_standard_altar, lemuel_crystal_altar, serial_shops,
          nicolae_shop_crystal
D:5:      minmay_thinvault, layout_gridville, basic_altar,
          minmay_hollow_rounded_squares

Skill      XL: |  1  2 |
---------------+-------+-----
Long Blades    | 3 |  3.1
Fighting       | |  3.0
Dodging        | |  1.5
Stealth        | |  3.3

Action                   || total
-------------------------++-------
Melee: Falchion          ||    44
       Tailslap          ||     5
 Abil: Rolling Charge    ||     3
  Use: Potion            ||     1
Armor: Leather armour    ||    19
Dodge: Dodged            ||    20
       Rpst.: Falchion   ||    10

Table legend: (Time is in decaauts)
 A = Elapsed time spent in this place.
 B = Non-inter-level travel time spent in this place.
 C = Inter-level travel time spent in this place.
 D = Time resting spent in this place.
 E = Time spent auto-exploring this place.
 F = Levels seen in this place.
 G = Mean time per level.
                   A        B        C        D        E       F      G
               +--------+--------+--------+--------+--------+-----+--------+
         Total |    540 |    516 |     24 |    356 |     18 |   3 |  180.0 |
       Dungeon |    540 |    516 |     24 |    356 |     18 |   3 |  180.0 |
               +--------+--------+--------+--------+--------+-----+--------+

Top non-repeatable levels by time:
     D:4: 507 daAuts
     D:3: 25 daAuts
     D:5: 7 daAuts
